AoeStats
← AxingQuestions

MegaRandom

505153693Analyzed
4v4 RM · 24d ago on Sep 8, 2026· 30m 21s· 8 players
Game mode
Random Map
Map size
Large (8 player)
Population
200
Speed
Normal
Resources
Standard
Victory
Conquest
Starting age
Dark Age
Ending age
Imperial Age
RankedLock teamsTeams togetherTeam positionsShared explorationLock speedFull tech treeHidden civsTurbo modeCheats
Victory
Defeat
🇺🇸 Malians · United States
1254
+17
🇦🇷 Mongols · Argentina
1231
+18
🇦🇷 Persians · Argentina
1215
+19
🇨🇴 Portuguese · Colombia
1212
+19
🇦🇷 Vietnamese · Argentina
1287
-20
🇦🇷 Franks · Argentina
1282
-18
🇦🇷 Sicilians · Argentina
1266
-18
🇦🇷 Inca · Argentina
1254
-17
pity.grillo26
6:47 Loom
9:29 Feudal Age
10:04 Double-Bit Axe
13:31 Town Watch
14:56 Wheelbarrow
15:33 Fletching
15:55 Padded Archer Armor
22:22 Castle Age
20:59 Gold Mining
23:04 Bodkin Arrow
22:57 Crossbowman
28:15 Husbandry
AxingQuestions
11:05 Feudal Age
11:08 Loom
14:55 Castle Age
13:30 Horse Collar
13:37 Double-Bit Axe
20:09 Gold Mining
21:25 Wheelbarrow
23:36 Hand Cart
24:35 Husbandry
25:17 Heavy Plow
27:56 Bloodlines
27:54 Town Watch
28:14 Stone Mining
29:00 Gold Shaft Mining
29:10 Bow Saw
31:32 Imperial Age
29:50 Scale Barding Armor
29:58 Forging
30:36 Stone Shaft Mining
Eros
8:22 Loom
11:12 Feudal Age
15:51 Castle Age
14:24 Horse Collar
19:00 Forging
19:51 Heavy Plow
21:33 Bloodlines
22:00 Husbandry
24:15 Scale Barding Armor
26:08 Gold Mining
26:08 Double-Bit Axe
27:09 Iron Casting
29:24 Chain Barding Armor
andres_exos
6:40 Loom
9:24 Feudal Age
10:21 Double-Bit Axe
21:11 Fletching
21:47 Padded Archer Armor
22:00 Horse Collar
26:57 Castle Age
25:08 Gold Mining
28:41 Bodkin Arrow
28:59 Bow Saw
29:15 Leather Archer Armor
32:07 Imperial Age
Atilafiorito
6:28 Loom
9:53 Feudal Age
10:49 Town Watch
11:20 Double-Bit Axe
26:14 Castle Age
24:44 Horse Collar
25:00 Gold Mining
26:02 Bloodlines
Genghis 232
9:17 Loom
11:12 Feudal Age
15:46 Castle Age
14:00 Stone Mining
22:29 Fletching
25:44 Double-Bit Axe
28:43 Scale Mail Armor
Pepe :)
8:20 Loom
10:33 Feudal Age
12:35 Fletching
14:03 Double-Bit Axe
26:12 Castle Age
26:14 Padded Archer Armor
26:12 Town Watch
27:06 Bodkin Arrow
26:59 Crossbowman
Ipower
11:10 Feudal Age
13:11 Loom
16:29 Castle Age
14:24 Horse Collar
15:15 Double-Bit Axe
17:22 Fletching
17:16 Crossbowman
19:22 Bow Saw
19:49 Gold Mining
22:07 Wheelbarrow
24:55 Bodkin Arrow
27:43 Thumb Ring
Connection lost

Rejoining the realm…

Still unreachable

The connection could not be restored.

Session expired

The server has moved on; the page needs a fresh start.